Workbook
Name \0: #REF!
Name \0: #REF!
Name \1: #REF!
Name \1: #REF!
Name \a: [1]PJ!#REF!
Name \a: [1]PJ!#REF!
Name \b: #REF!
Name \b: #REF!
Name \c: #REF!
Name \c: #REF!
Name \d: #REF!
Name \d: #REF!
Name \e: #REF!
Name \e: #REF!
Name \f: #REF!
Name \f: #REF!
Name \g: #REF!
Name \g: #REF!
Name \h: #REF!
Name \h: #REF!
Name \i: #REF!
Name \i: #REF!
Name \k: #REF!
Name \k: #REF!
Name \L: #REF!
Name \L: #REF!
Name \LL: #REF!
Name \LL: #REF!
Name \m: '[2]APU PVC'!#REF!
Name \m: '[2]APU PVC'!#REF!
Name \n: #REF!
Name \n: #REF!
Name \O: #REF!
Name \O: #REF!
Name \P: #REF!
Name \P: #REF!
Name \PP: #N/A
Name \r: '[2]APU PVC'!#REF!
Name \r: '[2]APU PVC'!#REF!
Name \s: #REF!
Name \s: #REF!
Name \t: '[2]APU PVC'!#REF!
Name \t: '[2]APU PVC'!#REF!
Name \u: #REF!
Name \u: #REF!
Name \w: #N/A
Name \x: #REF!
Name \x: #REF!
Name \y: #REF!
Name \y: #REF!
Name \z: #REF!
Name \z: #REF!
Name _: #REF!
Name _: #REF!
Name _____________________________dot1: #REF!
Name _____________________________dot1: #REF!
Name _____________________________err2: #REF!
Name _____________________________err2: #REF!
Name _____________________________err4: #REF!
Name _____________________________err4: #REF!

Sheet Acta Parcial No. 1
D3: CONTRATO No. | E3: CONTRATO No CD-O-009-2025 | J3: FECHA CONTRATO: | L3: 45954
D5: OBJETO: | E5: OBRAS DE MITIGACIÓN DE AFECTACIONES CAUSADAS POR EL ARROYO SAN BLAS EN EL BARRIO SAN ANTONIO DEL MUNICIPIO DE MALAMBO DEPARTAMENTO DEL ATLÁNTICO.
J6: FECHA DE INICIO: | L6: 45959
B8: EMPRESA DE DESARROLLO Y RENOVACIÓN URBANO SOSTENIBLE DE MALAMBO | D8: CONTRATISTA: | E8: INVERSIONES Y CONSTRUCCIONES ROPP SAS Rep Legal NEYIS SOFIA BALLESTA CASTRO NIT. 900.854.160-1 | J8: Vr. CONTRATO: | L8: 421466717
J10: PLAZO DE EJECUCIÓN: | L10: DOS (2) MESES
B11: ACTA DE RECIBO PARCIAL No. 1 | D11: SUPERVISOR: | E11: RICHARD SARMIENTO ROJAS
J12: AVANCE DE OBRA % | L12: =K31/G31 -> 0.73863636
B14: CONDICIONES CONTRACTUALES | H14: CONDICIONES ACTUALIZADAS SEGÚN ACTA MODIFICATIVA No. 1 | J14: ACTA 1 | L14: ACUMULADO
B15: ITEM | C15: DESCRIPCIÓN | D15: UND | E15: CANTIDAD | F15: VALOR UNITARIO | G15: VALOR TOTAL | H15: CANTIDAD | I15: VALOR TOTAL | J15: CANTIDAD | K15: VALOR TOTAL | L15: CANTIDAD | M15: VALOR TOTAL
B17: 1 | C17: LOCALIZACIÓN Y REPLANTEO
B18: 1.1 | C18: LOCALIZACION Y REPLANTEO DE TERRENO | D18: M2 | E18: 927.59346 | F18: 5000 | G18: =+E18*F18 -> 4637967.3 | H18: =+E18 -> 927.59346 | I18: =+F18*H18 -> 4637967.3 | J18: =+E18*0.75 -> 695.69509 | K18: =J18*F18 -> 3478475.5 | L18: =J18 -> 695.69509 | M18: =+L18*F18 -> 3478475.5
B19: 2 | C19: LIMPIEZA Y RETIRO DE MATERIAL
B20: 2.1 | C20: LIMPIEZA DE ARROYO Y DESCAPOTE DE CAPA VEGETAL DEL TRAYECTO A INTERVENIR | D20: M3 | E20: 320 | F20: 117500 | G20: =+E20*F20 -> 37600000 | H20: =+E20 -> 320 | I20: =+F20*H20 -> 37600000 | J20: =+E20*0.75 -> 240 | K20: =J20*F20 -> 28200000 | L20: =J20 -> 240 | M20: =+L20*F20 -> 28200000 | O20: 120*8
B21: 2.2 | C21: DISPOSICION FINAL DE MATERIAL RETIRADO | D21: M3 | E21: 410 | F21: 64500 | G21: =+E21*F21 -> 26445000 | H21: =+E21 -> 410 | I21: =+F21*H21 -> 26445000 | J21: =+E21*0.75 -> 307.5 | K21: =J21*F21 -> 19833750 | L21: =J21 -> 307.5 | M21: =+L21*F21 -> 19833750
B22: 3 | C22: SUMINISTRO
B23: 3.1 | C23: SUMINISTRO Y COMPACTACION A CADA 20CM CON MATERIAL SELECCIONADO DE SUB-BASE PARA PAVIMENTO RIGIDO INFERIOR Y TALUDES LATERALES | D23: M3 | E23: 640 | F23: 117500 | G23: =+E23*F23 -> 75200000 | H23: =+E23 -> 640 | I23: =+F23*H23 -> 75200000 | J23: =+E23*0.75 -> 480 | K23: =J23*F23 -> 56400000 | L23: =J23 -> 480 | M23: =+L23*F23 -> 56400000
B24: 3.2 | C24: SUMINISTRO Y CONSTRUCCION DE PLACA DE CONCRETO RIGIDO DE 4000 PSI PARA PARTE INFERIOR DE ARROYO DANDOLE CONTINUIDAD A LA PLACA EXISTENTE, ESPESOR 15CM POR 3 METROS DE ANCHO. | D24: M3 | E24: 51 | F24: 1335000 | G24: =+E24*F24 -> 68085000 | H24: =+E24 -> 51 | I24: =+F24*H24 -> 68085000 | J24: =+E24*0.75 -> 38.25 | K24: =J24*F24 -> 51063750 | L24: =J24 -> 38.25 | M24: =+L24*F24 -> 51063750
B25: 3.3 | C25: SUMINISTRO Y CONSTRUCCION DE EMPEDRADO EN CONCRETO CICLOPEO O PIEDRA NATURAL EN TALUDES LATERALES EN AMBOS LADOS DE LA CANALIZACION | D25: M2 | E25: 450 | F25: 238500 | G25: =+E25*F25 -> 107325000 | H25: =+E25 -> 450 | I25: =+F25*H25 -> 107325000 | J25: =+E25*0.75 -> 337.5 | K25: =J25*F25 -> 80493750 | L25: =J25 -> 337.5 | M25: =+L25*F25 -> 80493750 | O25: =113.4*3*0.15 -> 51.03
D26: VALOR TOTAL COSTOS DIRECTOS | G26: =+SUM(G18:G25) -> 3.1929297e+08 | I26: =+ROUND((SUM(I18:I25)),0) -> 319292967 | K26: =+(SUM(K18:K25)) -> 2.3946973e+08 | M26: =+(SUM(M18:M25)) -> 2.3946973e+08
D27: ADMINISTRACIÓN (26%) | G27: =(G26*0.26) -> 83016171 | I27: =ROUND(I26*0.26,0) -> 83016171 | K27: =ROUND(K26*0.23,0) -> 55078037 | M27: =ROUND(M26*0.23,0) -> 55078037
D28: IMPREVISTOS (1%) | G28: =(G26*0.01) -> 3192929.7 | I28: =ROUND(I26*0.01,0) -> 3192930 | K28: =ROUND(K26*0.02,0) -> 4789395 | M28: =ROUND(M26*0.02,0) -> 4789395
D29: UTILIDAD (5%) | G29: =(G26*0.05) -> 15964648 | I29: =ROUND(I26*0.05,0) -> 15964648 | K29: =ROUND(K26*0.05,0) -> 11973486 | M29: =ROUND(M26*0.05,0) -> 11973486
D30: VALOR TOTAL COSTOS INDIRECTOS | G30: =SUM(G27:G29) -> 1.0217375e+08 | I30: =SUM(I27:I29) -> 102173749 | K30: =SUM(K27:K29) -> 71840918 | M30: =SUM(M27:M29) -> 71840918
D31: VALOR TOTAL DEL PROYECTO | G31: =G30+G26 -> 4.2146672e+08 | I31: =I30+I26 -> 421466716 | K31: =K30+K26 -> 3.1131064e+08 | M31: =M30+M26 -> 3.1131064e+08
C35: RESUMEN ACTA PARCIAL No1 DEL CONTRATO No CD-O-009-2025
C36: VALOR DE OBRA CONTRACTUALES | D36: 1 | E36: =+G31 -> 4.2146672e+08
C37: VALOR ADICIONAL No1 | D37: =+E37/E36 -> 0 | E37: 0
C38: VALOR ACTUALIZADO | D38: 1 | E38: =+E37+E36 -> 4.2146672e+08
C39: VALOR DE OBRAS EJECUTADAS EN EL ACTA PARCIAL No1 | D39: =+E39/E36 -> 0.73863636 | E39: =+K31 -> 3.1131064e+08
C40: VALOR ANTICIPADO | D40: =+E40/E38 -> 0.5 | E40: =+G31*0.5 -> 2.1073336e+08
C41: SALDO A CANCELAR | E41: =+E39-E40 -> 1.0057729e+08
C42: VALOR POR EJECUCTAR | E42: =+E38-E39 -> 1.1015607e+08
C49: INVERSIONES Y CONSTRUCCIONES ROPP SAS | I49: RICHARD SARMIENTO ROJAS
C50: Rep Legal NEYIS SOFIA BALLESTA CASTRO | I50: SUPERVISOR DEL CONTRATO EDUM
C51: CONTRATISTA

Sheet OBRA
D4: OBJETO: | E4: EJECUCIÓN DE OBRAS DE PROTECCIÓN Y MITIGACION DE LAS ESCORRENTÍAS DEL ARROYO SAN BLAS EN EL BARRIO SAN ANTONIO Y CONTROL DE AFECTACIONES ARBOREAS EN LOS DIFERENTES PUNTOS DEL MUNICIPIO DE MALAMBO, DEPARTAMENTO DEL ATLÁNTICO
B9: CONDICIONES CONTRACTUALES
B10: ITEM | C10: DESCRIPCIÓN | D10: UND | E10: CANTIDAD | F10: VALOR UNITARIO | G10: VALOR TOTAL
B12: 1 | C12: LOCALIZACIÓN Y REPLANTEO
B13: 1.1 | C13: LOCALIZACION Y REPLANTEO DE TERRENO | D13: M2 | E13: =+'cant 1.1'!I9 -> 2250 | F13: =+'APU 1,1'!G40 -> 5238 | G13: =+E13*F13 -> 11785500
B14: 2 | C14: LIMPIEZA Y RETIRO DE MATERIAL
B15: 2.1 | C15: LIMPIEZA DE ARROYO Y DESCAPOTE DE CAPA VEGETAL DEL TRAYECTO A INTERVENIR | D15: M3 | E15: =+'cant 2.1'!I9 -> 1350 | F15: =+'APU 2,1'!G40 -> 17149 | G15: =+E15*F15 -> 23151150
B16: 2.2 | C16: TRANSPORTE, DESALOJO Y DISPOSICION FINAL DE MATERIAL RETIRADO FUERA DEL SITIO | D16: M3/KM | E16: =+'cant 2.2'!G9 -> 675 | F16: =+'APU 2,2'!G40 -> 1875 | G16: =+E16*F16 -> 1265625
B17: 3 | C17: SUMINISTRO
B18: 3.1 | C18: SUMINISTRO Y CONSTRUCCION DE EMPEDRADO EN CONCRETO SOBRE TALUDES LATERALES DE LA CANALIZACION | D18: M2 | E18: =+'cant 3.1'!I9 -> 464 | F18: =+'APU 3,1'!G40 -> 383873 | G18: =+E18*F18 -> 178117072
B19: 3.2 | C19: GAVIONES DE PROTECCIÓN EN MALLA DE TRIPLE TORSIÓN HEXAGONAL 80 X 100 MM EN ALAMBRE DE ACERO GALVANIZADO DE 2 MM DE DIAMETRO | D19: M3 | E19: =+'cant 3.2'!I9 -> 280 | F19: =+'APU 3.2'!G40 -> 577694 | G19: =+E19*F19 -> 161754320
B20: 3.3 | C20: MANTEMIENTO PREVENTIVO Y CORRECTIVO DEL PUENTE METALICO EXISTENTE, INCLUYE: PUNTOS DE REFORZAMIENTO DE SOLDADURA, IMPERMEABILIZACION DE ACABADO EN ANTICORROSIVO Y ACABADO DE PROTECCION EN PINTURA METALICA | D20: GL | E20: 1 | F20: =+'APU 3.3'!G45 -> 8806457 | G20: =+F20*E20 -> 8806457
B21: 4 | C21: ESTRUCTURAS
B22: 4.1 | C22: CONCRETO DE 14 MPA PARA SOLADO | D22: M3 | E22: =+'cant 4.1'!I9 -> 9 | F22: ='APU 4.1'!G40 -> 753411 | G22: =+E22*F22 -> 6780699
B23: 4.2 | C23: CONCRETO DE 28 MPA PARA ESTRUCTURA DE CONTECIÓN | D23: M3 | E23: =+'cant Muro 4,2 y 4,3'!C17 -> 40.018 | F23: ='APU 4.2'!G40 -> 1356853 | G23: =+E23*F23 -> 54298543
B24: 4.3 | C24: ACERO DE REFUERZO PDR 60 | D24: KG | E24: =+'cant Muro 4,2 y 4,3'!E17 -> 3743.072 | F24: ='APU 4.3'!G40 -> 15443 | G24: =+E24*F24 -> 57804261
B25: 4.4 | C25: CONSTRUCCION DE PUENTE METALICO CON ESTRUCTURA EN PERFIL IP, INCLUYE, ACCESORIOS DE FIJACION, ACABADOS DE PINTURA | D25: GL | E25: 1 | F25: =+'APU 4.4'!G48 -> 15578079 | G25: =+E25*F25 -> 15578079
B26: 5 | C26: OBRAS DE PODA Y LIMPIEZA
B27: 5.1 | C27: TRABAJOS DE ROCERIA, PODA DE ARBOLES Y DESALOJO DE MATERIAL DE LA ZONA COLMATADA. (INCLUYE: RECOLECION CON SACOS Y RETIRO CON TRANSPORTE) | D27: UND | E27: 36 | F27: =+'APU 5.1'!G40 -> 322665.44 | G27: =+E27*F27 -> 11615956
D28: VALOR TOTAL COSTOS DIRECTOS | G28: =+SUM(G13:G27) -> 5.3095766e+08
D29: ADMINISTRACIÓN (28%) | G29: =(G28*0.28) -> 1.4866815e+08
D30: IMPREVISTOS (2%) | G30: =(G28*0.02) -> 10619153
D31: UTILIDAD (5%) | G31: =(G28*0.05) -> 26547883
D32: VALOR TOTAL COSTOS INDIRECTOS | G32: =SUM(G29:G31) -> 1.8583518e+08
D33: VALOR TOTAL DEL PROYECTO | G33: =+G28+G32 -> 716792844
R44: 716792844 | S44: =R44/1750905 -> 409.3842

Sheet cant 1.1
B3: =+#REF! -> #REF!
B4: CANTIDADES DE OBRA
B7: ITEM | C7: DESCRIPCIÓN | D7: UNIDAD | E7: LONGITUD (m) | F7: ANCHO (m) | G7: ESPESOR (m) | H7: CANTIDAD | I7: TOTAL (m2)
B8: =+#REF! -> #REF! | C8: =+#REF! -> #REF!
B9: =+#REF! -> #REF! | C9: =+#REF! -> #REF! | D9: M2 | I9: =I11+I10 -> 2250
C10: Tramo 1 | D10: ML | E10: 125 | F10: 12 | I10: =E10*F10 -> 1500
C11: Tramo 2 | D11: ML | E11: 50 | F11: 15 | I11: =E11*F11 -> 750

Sheet cant 2.1
B3: =+'cant 1.1'!B3:I3 -> #REF!
B4: CANTIDADES DE OBRA
B7: ITEM | C7: DESCRIPCIÓN | D7: UNIDAD | E7: LONGITUD (m) | F7: ANCHO (m) | G7: ESPESOR (m) | H7: CANTIDAD | I7: TOTAL (m3)
B8: 2 | C8: =+#REF! -> #REF!
B9: =+#REF! -> #REF! | C9: =+#REF! -> #REF! | D9: M3 | I9: =I11+I10 -> 1350
C10: Tramo 1 | E10: =+'cant 1.1'!E10 -> 125 | F10: =+'cant 1.1'!F10 -> 12 | G10: 0.6 | I10: =E10*F10*G10 -> 900
C11: Tramo 2 | E11: =+'cant 1.1'!E11 -> 50 | F11: =+'cant 1.1'!F11 -> 15 | G11: =G10 -> 0.6 | I11: =E11*F11*G11 -> 450

Sheet cant 2.2
B3: =+'cant 2.1'!B3:I3 -> #REF!
B4: CANTIDADES DE OBRA
B7: ITEM | C7: DESCRIPCIÓN | D7: UNIDAD | E7: CANTIDAD (m3) | F7: DISTANCIA (km) | G7: TOTAL (m3/km)
B8: 2 | C8: =+#REF! -> #REF!
B9: =+#REF! -> #REF! | C9: =+#REF! -> #REF! | D9: M3/KM | G9: =+G10+G11 -> 675
C10: Tramo 1 | E10: =+'cant 2.1'!I10 -> 900 | F10: 0.5 | G10: =E10*F10 -> 450
C11: Tramo 2 | E11: =+'cant 2.1'!I11 -> 450 | F11: =F10 -> 0.5 | G11: =E11*F11 -> 225

Sheet cant 3.1
B3: =+'cant 2.2'!B3:G3 -> #REF!
B4: CANTIDADES DE OBRA
B7: ITEM | C7: DESCRIPCIÓN | D7: UNIDAD | E7: LONGITUD (m) | F7: ANCHO/ALTURA (m) | G7: ESPESOR (m) | H7: CANTIDAD | I7: TOTAL (m2)
B8: 3 | C8: =+#REF! -> #REF!
B9: =+#REF! -> #REF! | C9: =+#REF! -> #REF! | D9: =+#REF! -> #REF! | I9: =+I11+I12+I10 -> 464
C10: Muros laterales sobre Muro de Contencion Existente | E10: 157 | F10: 2 | H10: 1 | I10: =E10*F10*H10 -> 314
C11: Muro de Contencion Nuevo | E11: 20 | F11: 2.5 | H11: 1 | I11: =E11*F11*H11 -> 50
C12: Tramo 2 | E12: 20 | F12: 2.5 | H12: 2 | I12: =E12*F12*H12 -> 100

Sheet cant 3.2
B3: =+'cant 3.1'!B3:I3 -> #REF!
B4: CANTIDADES DE OBRA
B7: ITEM | C7: DESCRIPCIÓN | D7: UNIDAD | E7: LONGITUD (m) | F7: ANCHO (m) | G7: ALTURA (m) | H7: CANTIDAD | I7: TOTAL (m3)
B8: =+#REF! -> #REF! | C8: =+#REF! -> #REF!
B9: =+#REF! -> #REF! | C9: =+#REF! -> #REF! | D9: M3 | I9: =+I10+I11 -> 280
C10: Tramo 1 | E10: 50 | F10: 2 | G10: 1 | H10: 2 | I10: =E10*F10*G10*H10 -> 200
C11: Tramo 2 | E11: =+'cant 3.1'!E12 -> 20 | F11: 2 | G11: 1 | H11: 2 | I11: =E11*F11*G11*H11 -> 80

Sheet cant 4.1
B3: =+'cant 3.1'!B3:I3 -> #REF!
B4: CANTIDADES DE OBRA
B7: ITEM | C7: DESCRIPCIÓN | D7: UNIDAD | E7: LONGITUD (m) | F7: ANCHO (m) | G7: ALTURA (m) | H7: CANTIDAD | I7: TOTAL (m3)
B8: =+#REF! -> #REF! | C8: =+#REF! -> #REF!
B9: =+#REF! -> #REF! | C9: =+#REF! -> #REF! | D9: M3 | I9: =SUM(I10:I12) -> 9
C10: Tramo Muro de Contencion | E10: 20 | F10: 2 | G10: 0.05 | H10: 1 | I10: =E10*F10*G10*H10 -> 2
C11: Tramo 1 | E11: 50 | F11: 2 | G11: 0.05 | H11: 1 | I11: =E11*F11*G11*H11 -> 5
C12: Tramo 2 | E12: =+'cant 3.1'!E12 -> 20 | F12: 2 | G12: 0.05 | H12: 1 | I12: =E12*F12*G12*H12 -> 2

Sheet cant Muro 4,2 y 4,3
A16: h: Muro Altura | B16: Longitud (m) | C16: Concreto (m3) | D16: Solado m3 | E16: Acero kg
A17: 2,50 mts | B17: 20 | C17: =(B17*1.87)*7%+(B17*1.87) -> 40.018 | D17: =B17*0.1 -> 2 | E17: =(B17*176.56)*6%+(B17*176.56) -> 3743.072

Sheet APU 1,1
A3: =+#REF! -> #REF!
A7: ITEM: 1,1 | B7: =+#REF! -> #REF! | F7: UNIDAD: M2
A10: I. EQUIPO
A11: Descripción | D11: Tipo | E11: Tarifa/Hora | F11: Rendimiento | G11: Valor-Unit.
A12: EQUIPO TOPOGRAFICO | D12: glb | E12: 300000 | F12: 0.00099984 | G12: =+F12*E12 -> 299.952
F14: Sub-Total | G14: =SUM(G12:G13) -> 299.952
A15: II. MATERIALES EN OBRA
A16: Descripción | D16: Unidad | E16: Precio-Unit. | F16: Cantidad | G16: Valor-Unit.
A17: Puntillas, nailon, pintura | D17: ML | E17: 1000 | F17: 1 | G17: =E17*F17 -> 1000
F23: Sub-Total | G23: =+SUM(G17:G22) -> 1000
A24: III. TRANSPORTES
A25: Material | C25: Vol. Peso ó Cant. | D25: Distancia | E25: M3-Km | F25: Tarifa | G25: Valor-Unit.
F29: Sub-Total | G29: =+SUM(G26:G28) -> 0
A30: IV. MANO DE OBRA
A31: Trabajador | C31: Jornal | D31: PRESTACIONES (%) | E31: JR. TOTAL | F31: Rendimiento | G31: Valor-Unit.
A32: Topografo | C32: 99172 | D32: 1.931 | E32: =+D32*C32 -> 191501.13 | F32: 100 | G32: =+E32/F32 -> 1915.0113
A33: Cadenero | C33: =+C32 -> 99172 | D33: 2.0392 | E33: =+D33*C33 -> 202231.54 | F33: =F32 -> 100 | G33: =+E33/F33 -> 2022.3154
F38: Sub-Total | G38: =SUM(G32:G37) -> 3937.3267
D40: Total Costo Directo | G40: =ROUNDUP(G38+G29+G23+G14,0) -> 5238

Sheet APU 2,1
A3: =+#REF! -> #REF!
A7: ITEM: 2,1 | B7: =+#REF! -> #REF! | F7: UNIDAD: M3
A10: I. EQUIPO
A11: Descripción | D11: Tipo | E11: Tarifa/Hora | F11: Rendimiento | G11: Valor-Unit.
A12: Herramientas menores | D12: dia | E12: 10000 | F12: 6 | G12: =+E12/F12 -> 1666.6667
A13: Retroexcavadora sobre orugas de profundidad de excavación mínima de 6,0 m, de 80 kw de potencia | D13: hr | E13: 240000 | F13: 20 | G13: =+E13/F13 -> 12000
F14: Sub-Total | G14: =SUM(G12:G13) -> 13666.667
A15: II. MATERIALES EN OBRA
A16: Descripción | D16: Unidad | E16: Precio-Unit. | F16: Cantidad | G16: Valor-Unit.
F23: Sub-Total | G23: =+SUM(G17:G22) -> 0
A24: III. TRANSPORTES
A25: Material | C25: Vol. Peso ó Cant. | D25: Distancia | E25: M3-Km | F25: Tarifa | G25: Valor-Unit.
F29: Sub-Total | G29: =+SUM(G26:G28) -> 0
A30: IV. MANO DE OBRA
A31: Trabajador | C31: Jornal | D31: PRESTACIONES (%) | E31: JR. TOTAL | F31: Rendimiento | G31: Valor-Unit.
A32: obrero 2 | C32: =99172*2 -> 198344 | D32: 1.931 | E32: =+D32*C32 -> 383002.26 | F32: 110 | G32: =+E32/F32 -> 3481.8388
H36: 15750
F38: Sub-Total | G38: =SUM(G32:G37) -> 3481.8388
D40: Total Costo Directo | G40: =ROUNDUP(G38+G29+G23+G14,0) -> 17149

Sheet APU 2,2
A3: =+#REF! -> #REF!
A7: ITEM: 2,2 | B7: =+#REF! -> #REF! | F7: UNIDAD: M3/km
A10: I. EQUIPO
A11: Descripción | D11: Tipo | E11: Tarifa/Hora | F11: Rendimiento | G11: Valor-Unit.
A12: Volqueta 6 m3 | E12: 75000 | F12: 0.025 | G12: =+F12*E12 -> 1875
F14: Sub-Total | G14: =SUM(G12:G13) -> 1875
A15: II. MATERIALES EN OBRA
A16: Descripción | D16: Unidad | E16: Precio-Unit. | F16: Cantidad | G16: Valor-Unit.
F23: Sub-Total | G23: =+SUM(G17:G22) -> 0
A24: III. TRANSPORTES
A25: Material | C25: Vol. Peso ó Cant. | D25: Distancia | E25: M3-Km | F25: Tarifa | G25: Valor-Unit.
F29: Sub-Total | G29: =+SUM(G26:G28) -> 0
A30: IV. MANO DE OBRA
A31: Trabajador | C31: Jornal | D31: PRESTACIONES (%) | E31: JR. TOTAL | F31: Rendimiento | G31: Valor-Unit.
H36: 15750
F38: Sub-Total | G38: =SUM(G32:G37) -> 0
D40: Total Costo Directo | G40: =ROUNDUP(G38+G29+G23+G14,0) -> 1875

Sheet APU 3,1
A3: =+#REF! -> #REF!
A7: ITEM: 3,1 | B7: =+#REF! -> #REF! | F7: UNIDAD: M2
A10: I. EQUIPO
A11: Descripción | D11: Tipo | E11: Tarifa/Hora | F11: Rendimiento | G11: Valor-Unit.
A12: Herramientas menores | D12: dia | E12: 10000 | F12: 1 | G12: =+F12*E12 -> 10000
F14: Sub-Total | G14: =SUM(G12:G13) -> 10000
A15: II. MATERIALES EN OBRA
A16: Descripción | D16: Unidad | E16: Precio-Unit. | F16: Cantidad | G16: Valor-Unit.
A17: Concreto ciclopeo | D17: M3 | E17: 415000 | F17: 0.83178853 | G17: =+F17*E17 -> 345192.24
A18: Empedrado | D18: M2 | E18: 65000 | F18: 0.30769231 | G18: =+F18*E18 -> 20000
A19: desperdicio | D19: % | E19: =+SUM(G17:G18)*5% -> 18259.612 | F19: 0.05 | G19: =+F19*E19 -> 912.9806
F23: Sub-Total | G23: =+SUM(G17:G22) -> 366105.22
A24: III. TRANSPORTES
A25: Material | C25: Vol. Peso ó Cant. | D25: Distancia | E25: M3-Km | F25: Tarifa | G25: Valor-Unit.
F29: Sub-Total | G29: =+SUM(G26:G28) -> 0
A30: IV. MANO DE OBRA
A31: Trabajador | C31: Jornal | D31: PRESTACIONES (%) | E31: JR. TOTAL | F31: Rendimiento | G31: Valor-Unit.
A32: obreros 3 | C32: =99172*3 -> 297516 | D32: 1.931 | E32: =+D32*C32 -> 574503.4 | F32: 100 | G32: =+E32/F32 -> 5745.034
A33: oficial | C33: =99172 -> 99172 | D33: 2.0392 | E33: =+D33*C33 -> 202231.54 | F33: =+F32 -> 100 | G33: =+E33/F33 -> 2022.3154
H36: 15750
F38: Sub-Total | G38: =SUM(G32:G37) -> 7767.3494
D40: Total Costo Directo | G40: =ROUNDUP(G38+G29+G23+G14,0) -> 383873

Sheet APU 3.2
A3: =+#REF! -> #REF!
A7: ITEM: 3.2 | B7: =+#REF! -> #REF! | F7: UNIDAD: M3
A10: I. EQUIPO
A11: Descripción | D11: Tipo | E11: Tarifa/Hora | F11: Rendimiento | G11: Valor-Unit.
A12: Retroexcavadora sobre orugas de profundidad de excavación mínima de 6,0 m, de 80 kw de potencia | D12: h | E12: 290000 | F12: 3 | G12: =+E12/F12 -> 96666.667
F14: Sub-Total | G14: =SUM(G12:G13) -> 96666.667
A15: II. MATERIALES EN OBRA
A16: Descripción | D16: Unidad | E16: Precio-Unit. | F16: Cantidad | G16: Valor-Unit.
A17: Caja de 2x1x1 m de malla de triple torsión, hexagonal, de 80x100 mm | D17: und | E17: 190000 | F17: 0.5 | G17: =E17*F17 -> 95000
A18: Alambre Galvanizado No. 12 | D18: kg | E18: 11560 | F18: 0.2 | G18: =E18*F18 -> 2312
A19: Alambre Galvanizado No. 14 | D19: kg | E19: 11560 | F19: 0.2 | G19: =E19*F19 -> 2312
A20: Piedra ciclopea | D20: m3 | E20: 98000 | F20: 1.3 | G20: =E20*F20 -> 127400
F23: Sub-Total | G23: =+SUM(G17:G22) -> 227024
A24: III. TRANSPORTES
A25: Material | C25: Vol. Peso ó Cant. | D25: Distancia | E25: M3-Km | F25: Tarifa | G25: Valor-Unit.
A26: Transporte de piedra ciclopea | C26: =F20 -> 1.3 | D26: 61.4 | E26: =C26*D26 -> 79.82 | F26: 1750 | G26: =F26*E26 -> 139685
F29: Sub-Total | G29: =+SUM(G26:G28) -> 139685
A30: IV. MANO DE OBRA
A31: Trabajador | C31: Jornal | D31: Prestaciones | E31: Jornal Total | F31: Rendimiento | G31: Valor-Unit.
A32: Oficial | C32: 99172 | D32: 1.931 | E32: =+D32*C32 -> 191501.13 | F32: 10 | G32: =+E32/F32 -> 19150.113
A33: Obrero (8) | C33: 466692 | D33: 2.0392 | E33: =+D33*C33 -> 951678.33 | F33: =F32 -> 10 | G33: =+E33/F33 -> 95167.833
F38: Sub-Total | G38: =SUM(G32:G37) -> 114317.95
D40: Total Costo Directo | G40: =ROUNDUP(G38+G29+G23+G14,0) -> 577694

Sheet APU 3.3
A3: =+#REF! -> #REF!
A7: ITEM: 3.3 | B7: =+#REF! -> #REF! | F7: UNIDAD: GLOBLA
A10: I. EQUIPO
A11: Descripción | D11: Tipo | E11: Tarifa/Hora | F11: Rendimiento | G11: Valor-Unit.
A12: MAQUINA DE SOLDADURA | D12: DIA | E12: 35000 | F12: 10 | G12: =+E12*F12 -> 350000
A13: COMPRESOR | D13: DIA | E13: 15000 | F13: =+F12 -> 10 | G13: =+F13*E13 -> 150000
A14: PULIDORA | D14: DIA | E14: 15000 | F14: =+F13 -> 10 | G14: =+F14*E14 -> 150000
A15: MAQUINA GENERADORA DE ENERGIA | D15: DIA | E15: 35000 | F15: =+F14 -> 10 | G15: =+F15*E15 -> 350000
F17: Sub-Total | G17: =SUM(G12:G16) -> 1000000
A18: II. MATERIALES EN OBRA
A19: Descripción | D19: Unidad | E19: Precio-Unit. | F19: Cantidad | G19: Valor-Unit.
A20: SOLDAURA 6011 | D20: KILOS | E20: 20000 | F20: 30 | G20: =E20*F20 -> 600000
A21: DISCO DE CORTE METALICO | D21: Unidad | E21: 15000 | F21: 15 | G21: =E21*F21 -> 225000
A22: PINTURA ANTOCORROSIVA | D22: GALON | E22: 115000 | F22: 7 | G22: =E22*F22 -> 805000
A23: PINTURA DE ACABADOS | D23: GALON | E23: 135000 | F23: 7 | G23: =E23*F23 -> 945000
A24: THINER ADITIVO | D24: GALON | E24: 75000 | F24: =+F23*2 -> 14 | G24: =E24*F24 -> 1050000
A25: BROCHA | D25: Unidad | E25: 13000 | F25: 8 | G25: =E25*F25 -> 104000
A26: TUBERIA GALVANIZADA DE 1-1/2 | D26: ML | E26: 37500 | F26: 12 | G26: =E26*F26 -> 450000
F28: Sub-Total | G28: =+SUM(G20:G27) -> 4179000
A29: III. TRANSPORTES
A30: Material | C30: Vol. Peso ó Cant. | D30: Distancia | E30: M3-Km | F30: Tarifa | G30: Valor-Unit.
A31: Transporte | C31: 1 | D31: 5 | E31: =C31*D31 -> 5 | F31: 1750 | G31: =F31*E31 -> 8750
F34: Sub-Total | G34: =+SUM(G31:G33) -> 8750
A35: IV. MANO DE OBRA
A36: Trabajador | C36: Jornal | D36: Prestaciones | E36: Jornal Total | F36: Rendimiento | G36: Valor-Unit.
A37: Oficial | C37: 99172 | D37: 1.931 | E37: =+D37*C37 -> 191501.13 | F37: 0.5 | G37: =+E37/F37 -> 383002.26
A38: Obrero (8) | C38: =+C37*8 -> 793376 | D38: 2.0392 | E38: =+D38*C38 -> 1617852.3 | F38: =F37 -> 0.5 | G38: =+E38/F38 -> 3235704.7
F43: Sub-Total | G43: =SUM(G37:G42) -> 3618706.9
D45: Total Costo Directo | G45: =ROUNDUP(G43+G34+G28+G17,0) -> 8806457

Sheet APU 4.1
A3: =+#REF! -> #REF!
A7: ITEM: 4.1 | B7: =+#REF! -> #REF! | F7: UNIDAD: M3
A10: I. EQUIPO
A11: Descripción | D11: Tipo | E11: Tarifa/Hora | F11: Rendimiento | G11: Valor-Unit.
F14: Sub-Total | G14: =SUM(G12:G13) -> 0
A15: II. MATERIALES EN OBRA
A16: Descripción | D16: Unidad | E16: Precio-Unit. | F16: Cantidad | G16: Valor-Unit.
A17: Concreto de 14 Mpa | D17: m3 | E17: 560000 | F17: 1.05 | G17: =E17*F17 -> 588000
F23: Sub-Total | G23: =+SUM(G17:G22) -> 588000
A24: III. TRANSPORTES
A25: Material | C25: Vol. Peso ó Cant. | D25: Distancia | E25: M3-Km | F25: Tarifa | G25: Valor-Unit.
F29: Sub-Total | G29: =+SUM(G26:G28) -> 0
A30: IV. MANO DE OBRA | I30: 659090
A31: Trabajador | C31: Jornal | D31: Prestaciones | E31: Jornal Total | F31: Rendimiento | G31: Valor-Unit.
A32: Oficial | C32: 99172 | D32: 1.931 | E32: =+D32*C32 -> 191501.13 | F32: 10.938589 | G32: =+E32/F32 -> 17506.932
A33: Obrero (8) | C33: =+C32*8 -> 793376 | D33: 2.0392 | E33: =+D33*C33 -> 1617852.3 | F33: =F32 -> 10.938589 | G33: =+E33/F33 -> 147903.21
I36: =+C32*D32 -> 191501.13
F38: Sub-Total | G38: =SUM(G32:G37) -> 165410.14
D40: Total Costo Directo | G40: =ROUNDUP(G38+G29+G23+G14,0) -> 753411

Sheet APU 4.2
A3: =+#REF! -> #REF!
A7: ITEM: 4.2 | B7: =+#REF! -> #REF! | F7: UNIDAD: M3
A10: I. EQUIPO
A11: Descripción | D11: Tipo | E11: Tarifa/Hora | F11: Rendimiento | G11: Valor-Unit.
F14: Sub-Total | G14: =SUM(G12:G13) -> 0
A15: II. MATERIALES EN OBRA
A16: Descripción | D16: Unidad | E16: Precio-Unit. | F16: Cantidad | G16: Valor-Unit.
A17: Concreto de 28 Mpa | D17: m3 | E17: 629000 | F17: 1.05 | G17: =E17*F17 -> 660450
A18: Emulsion acuosa de parafina para curado de concreto, que evite la pérdida prematura de humedad de concretos y morteros | D18: kg | E18: 13000 | F18: 1.5 | G18: =E18*F18 -> 19500
F23: Sub-Total | G23: =+SUM(G17:G22) -> 679950
A24: III. TRANSPORTES
A25: Material | C25: Vol. Peso ó Cant. | D25: Distancia | E25: M3-Km | F25: Tarifa | G25: Valor-Unit.
A26: =A17 -> Concreto de 28 Mpa | C26: =F17 -> 1.05 | D26: 40.155102 | E26: =C26*D26 -> 42.162857 | F26: 1750 | G26: =E26*F26 -> 73785
F29: Sub-Total | G29: =+SUM(G26:G28) -> 73785
A30: IV. MANO DE OBRA
A31: Trabajador | C31: Jornal | D31: Prestaciones | E31: Jornal Total | F31: Rendimiento | G31: Valor-Unit.
A32: Oficial | C32: 99172 | D32: 1.931 | E32: =+D32*C32 -> 191501.13 | F32: 3 | G32: =+E32/F32 -> 63833.711
A33: Obrero (8) | C33: =+C32*8 -> 793376 | D33: 2.0392 | E33: =+D33*C33 -> 1617852.3 | F33: =F32 -> 3 | G33: =+E33/F33 -> 539284.11
F38: Sub-Total | G38: =SUM(G32:G37) -> 603117.82
D40: Total Costo Directo | G40: =ROUNDUP(G38+G29+G23+G14,0) -> 1356853

Sheet APU 4.3
A3: =+#REF! -> #REF!
A7: ITEM: 4.3 | B7: =+#REF! -> #REF! | F7: UNIDAD: KG
A10: I. EQUIPO
A11: Descripción | D11: Tipo | E11: Tarifa/Hora | F11: Rendimiento | G11: Valor-Unit.
F14: Sub-Total | G14: =SUM(G12:G13) -> 0
A15: II. MATERIALES EN OBRA
A16: Descripción | D16: Unidad | E16: Precio-Unit. | F16: Cantidad | G16: Valor-Unit.
A17: Acero de refuerzo corrugado Grado 60. Fy = 420 MPa según NTC 2289 (ASTM706) | D17: kg | E17: 9560 | F17: 1.05 | G17: =E17*F17 -> 10038
A18: Alambre negro para amarre calibre 18 | D18: kg | E18: 9000 | F18: 0.35 | G18: =E18*F18 -> 3150
F23: Sub-Total | G23: =+SUM(G17:G22) -> 13188
A24: III. TRANSPORTES
A25: Material | C25: Vol. Peso ó Cant. | D25: Distancia | E25: M3-Km | F25: Tarifa | G25: Valor-Unit.
F29: Sub-Total | G29: =+SUM(G26:G28) -> 0
A30: IV. MANO DE OBRA
A31: Trabajador | C31: Jornal | D31: Prestaciones | E31: Jornal Total | F31: Rendimiento | G31: Valor-Unit.
A32: Oficial | C32: =E32/D32 -> 73666.667 | D32: 1.85 | E32: 136283.33 | F32: 344.84109 | G32: =+E32/F32 -> 395.20619
A33: Obrero (8) | C33: =E33/D33 -> 346666.67 | D33: 1.85 | E33: 641333.33 | F33: =F32 -> 344.84109 | G33: =+E33/F33 -> 1859.7938
F38: Sub-Total | G38: =SUM(G32:G37) -> 2255
D40: Total Costo Directo | G40: =(G38+G29+G23+G14) -> 15443

Sheet APU 4.4
A3: =+#REF! -> #REF!
A7: ITEM: 4.4 | B7: =+#REF! -> #REF! | F7: UNIDAD: GLOBLA
A10: I. EQUIPO
A11: Descripción | D11: Tipo | E11: Tarifa/Hora | F11: Rendimiento | G11: Valor-Unit.
A12: MAQUINA DE SOLDADURA | D12: DIA | E12: 35000 | F12: 10 | G12: =+E12*F12 -> 350000
A13: COMPRESOR | D13: DIA | E13: 15000 | F13: =+F12 -> 10 | G13: =+F13*E13 -> 150000
A14: PULIDORA | D14: DIA | E14: 15000 | F14: =+F13 -> 10 | G14: =+F14*E14 -> 150000
A15: MAQUINA GENERADORA DE ENERGIA | D15: DIA | E15: 35000 | F15: =+F14 -> 10 | G15: =+F15*E15 -> 350000
F17: Sub-Total | G17: =SUM(G12:G16) -> 1000000
A18: II. MATERIALES EN OBRA
A19: Descripción | D19: Unidad | E19: Precio-Unit. | F19: Cantidad | G19: Valor-Unit.
A20: SOLDAURA 6011 | D20: KILOS | E20: 20000 | F20: 30 | G20: =E20*F20 -> 600000
A21: DISCO DE CORTE METALICO | D21: Unidad | E21: 15000 | F21: 15 | G21: =E21*F21 -> 225000
A22: PINTURA ANTOCORROSIVA | D22: GALON | E22: 115000 | F22: 7 | G22: =E22*F22 -> 805000
A23: PINTURA DE ACABADOS | D23: GALON | E23: 135000 | F23: 7 | G23: =E23*F23 -> 945000
A24: THINER ADITIVO | D24: GALON | E24: 75000 | F24: =+F23*2 -> 14 | G24: =E24*F24 -> 1050000
A25: BROCHA | D25: Unidad | E25: 13000 | F25: 8 | G25: =E25*F25 -> 104000
A26: PERFIL IP | D26: ML | E26: 56800 | F26: 11 | G26: =E26*F26 -> 624800
A27: LAMINA GALVANIZADA PARA PISO | D27: ML | E27: 142000 | F27: 11 | G27: =E27*F27 -> 1562000
A28: TUBERIA GALVANIZADA DE 2" | D28: ML | E28: 42600 | F28: 11 | G28: =E28*F28 -> 468600
A29: TUBERIA GALVANIZADA DE 1-1/2 | D29: ML | E29: 37500 | F29: 11 | G29: =E29*F29 -> 412500
F31: Sub-Total | G31: =+SUM(G20:G30) -> 6796900
A32: III. TRANSPORTES
A33: Material | C33: Vol. Peso ó Cant. | D33: Distancia | E33: KILOS-Km | F33: Tarifa | G33: Valor-Unit.
A34: Transporte | C34: 4.5 | D34: 5 | E34: 1000 | F34: =1750 -> 1750 | G34: =F34*E34 -> 1750000
F37: Sub-Total | G37: =+SUM(G34:G36) -> 1750000
A38: IV. MANO DE OBRA
A39: Trabajador | C39: Jornal | D39: Prestaciones | E39: Jornal Total | F39: Rendimiento | G39: Valor-Unit.
A40: Oficial | C40: 99172 | D40: 1.931 | E40: =+D40*C40 -> 191501.13 | F40: 0.3 | G40: =+E40/F40 -> 638337.11
A41: Obrero (8) | C41: =+C40*8 -> 793376 | D41: 2.0392 | E41: =+D41*C41 -> 1617852.3 | F41: =F40 -> 0.3 | G41: =+E41/F41 -> 5392841.1
F46: Sub-Total | G46: =SUM(G40:G45) -> 6031178.2
D48: Total Costo Directo | G48: =ROUNDUP(G46+G37+G31+G17,0) -> 15578079

Sheet APU 5.1
A3: =+#REF! -> #REF!
A7: ITEM: 5,1 | B7: =+#REF! -> #REF! | F7: UNIDAD: und
A10: I. EQUIPO
A11: Descripción | D11: Tipo | E11: Tarifa/Hora | F11: Rendimiento | G11: Valor-Unit.
A12: =+[292]EQUIPO!E43 -> Motosierra, 4.5 HP - 7.1 HP, longitud de espada 45-90 cm | D12: hr | E12: 7500 | F12: 1 | G12: =+E12/F12 -> 7500
A13: Herramienta menor | D13: Gl | E13: 247471.59 | F13: 10 | G13: =10%*E13 -> 24747.159
F14: Sub-Total | G14: =SUM(G12:G13) -> 32247.159
A15: II. MATERIALES EN OBRA
A16: Descripción | D16: Unidad | E16: Precio-Unit. | F16: Cantidad | G16: Valor-Unit.
F23: Sub-Total | G23: =+SUM(G17:G22) -> 0
A24: III. TRANSPORTES
A25: Material | C25: Vol. Peso ó Cant. | D25: Distancia | E25: M3-Km | F25: Tarifa | G25: Valor-Unit.
A26: Transporte | C26: 30 | D26: 5 | E26: 30 | F26: =1750 -> 1750 | G26: =F26*E26 -> 52500
F29: Sub-Total | G29: =+SUM(G26:G28) -> 52500
A30: IV. MANO DE OBRA
A31: Trabajador | C31: Jornal | D31: Prestaciones | E31: Jornal Total | F31: Rendimiento | G31: Valor-Unit.
A32: =+'[292]MANO DE OBRA'!D13 -> Obrero (2) | C32: =+'[292]MANO DE OBRA'!E13/30 -> 116673 | D32: =+'[292]MANO DE OBRA'!G13 -> 2.0391889 | E32: =+D32*C32 -> 237918.28 | F32: 1 | G32: =+E32/F32 -> 237918.28
F38: Sub-Total | G38: =SUM(G32:G37) -> 237918.28
D40: Total Costo Directo | G40: =(G38+G29+G23+G14) -> 322665.44
